 Dungeon Crawl Stone Soup version 0.21-a0-369-g397cdb2 (webtiles) character file.

95 Humpert the Slasher (level 4, -3/34 HPs)
             Began as a Demonspawn Gladiator on Oct 15, 2017.
             Slain by a hippogriff (5 damage)
             ... on level 2 of the Dungeon.
             The game lasted 00:04:09 (2211 turns).

Humpert the Slasher (Demonspawn Gladiator)          Turns: 2211, Time: 00:04:10

Health: -3/34      AC:  6    Str: 16    XL:     4   Next: 40%
Magic:  4/4        EV: 13    Int:  9    God:
Gold:   51         SH:  0    Dex: 14    Spells: 3/3 levels left

rFire    . . .     SeeInvis .   a - +0 long sword
rCold    . . .     Gourm    .   (no shield)
rNeg     . . .     Faith    .   s - +0 ring mail
rPois    .         Spirit   .   c - +0 helmet
rElec    .         Reflect  .   (no cloak)
rCorr    .         Harm     .   (no gloves)
MR       .....                  (no boots)
Stlth    ..........             (no amulet)
HPRegen  0.11/turn              (no ring)
MPRegen  0.09/turn              (no ring)

@: no status effects
A: hooves 1, sturdy frame 2
a: no special abilities


You were on level 2 of the Dungeon.
You were very hungry.

You visited 1 branch of the dungeon, and saw 3 of its levels.

You collected 51 gold pieces.

Inventory:

Hand Weapons
 a - a +0 long sword (weapon)
Missiles
 d - 3 throwing nets (quivered)
Armour
 b - a +0 leather armour
 c - a +0 helmet (worn)
 s - a +0 ring mail (worn)
Jewellery
 h - a +3 ring of intelligence {unknown}
Wands
 t - a wand of polymorph (6/24)
Scrolls
 e - 2 scrolls of blinking {unknown}
 g - a scroll of fog {unknown}
 i - a scroll of enchant weapon {unknown}
 j - a scroll of noise {unknown}
 k - 2 scrolls of teleportation {unknown}
 l - 2 scrolls of identify {unknown}
 m - a scroll of amnesia {unknown}
 n - a scroll of remove curse {unknown}
 q - 2 scrolls of immolation {unknown}
Comestibles
 f - a bread ration


   Skills:
 * Level 2.6 Fighting
 + Level 3.6 Long Blades
 - Level 1.7 Throwing
 * Level 1.6 Armour
 + Level 3.1 Dodging


You had 3 spell levels left.
You didn't know any spells.

Dungeon Overview and Level Annotations

Branches:
Dungeon (3/15)

Altars:
Cheibriados
Gozag


Innate Abilities, Weirdness & Mutations

You have large cloven feet.
Your movements are less encumbered by armour. (ER -4)


Message History

You slash the hippogriff! Your kick misses the hippogriff.
The hippogriff is moderately wounded.
The hippogriff barely misses you. The hippogriff completely misses you.
The hippogriff claws you but does no damage.
You slash the hippogriff!
The hippogriff is heavily wounded.
The hippogriff misses you.
You riposte.
You hit the hippogriff. You kick the hippogriff.
The hippogriff is heavily wounded.
The hippogriff closely misses you. The hippogriff misses you.
You hit the hippogriff but do no damage.
The hippogriff is heavily wounded.
The hippogriff closely misses you.
You riposte.
You slash the hippogriff!
The hippogriff is severely wounded.
The hippogriff pecks you.
* * * LOW HITPOINT WARNING * * *
The hippogriff claws you.
* * * LOW HITPOINT WARNING * * *
The hippogriff bites you.
You die...

#.#### #...# ###.# ##### #.##
#...# #... #...#
############### #...######
#..[........<..
####........#####..............
#......>......@H'..............
#.###.......#####............##
#.# #.......# #............#
#.# #.......# ############.#
#.# #.......# ###.# #.#
######### ###########...##
#.#### #.........#.....
#....###### #.........#...##
#.##.##[..# #.........#...#


You could see a hippogriff.

Vanquished Creatures
  Natasha (D:3)
  A gnoll (D:1)
  An adder (D:3)
  An ooze (D:2)
  A dart slug (D:1)
  3 leopard geckos
  2 bats
  10 goblins
  3 hobgoblins
  2 jackals (D:2)
  2 quokkas
  A ball python (D:1)
  A frilled lizard (D:3)
  8 kobolds
  7 rats
44 creatures vanquished.

Notes
Turn   | Place    | Note
-------+----------+-------------------------------------------
     0 | D:1      | Humpert the Demonspawn Gladiator began the quest for the Orb.
     0 | D:1      | Reached XP level 1. HP: 16/16 MP: 1/1
   222 | D:1      | Gained mutation: You have large cloven feet. [demonic ancestry]
   222 | D:1      | Reached XP level 2. HP: 16/22 MP: 2/2
   673 | D:2      | Gained mutation: Your movements are slightly less encumbered by armour. (ER -2) [demonic ancestry]
   673 | D:2      | Reached XP level 3. HP: 28/28 MP: 3/3
   955 | D:2      | Reached skill level 1 in Armour
  1413 | D:3      | Noticed Natasha
  1420 | D:3      | Killed Natasha
  1420 | D:3      | Gained mutation: Your movements are less encumbered by armour. (ER -4) [demonic ancestry]
  1420 | D:3      | Reached XP level 4. HP: 10/34 MP: 4/4
  2009 | D:3      | Found a snail-covered altar of Cheibriados.
  2009 | D:3      | Found an opulent altar of Gozag.
  2075 | D:3      | Noticed a hippogriff
  2211 | D:2      | Slain by a hippogriff

Vault maps used:
D:1:      minmay_arrival_split_and_join, minivault_25
D:3:      minitemple, hangedman_abyss_or_decor_lesser_grid, minmay_mini_jars,
          uniq_terence, uniq_natasha

Skill      XL: |  1  2  3 |
---------------+----------+-----
Long Blades    | 3 |  3.6
Dodging        | 3 |  3.1
Armour         | 1 |  1.6
Fighting       | |  2.6
Throwing       | |  1.7

Action                   |  1- 3 |  4- 6 || total
-------------------------+-------+-------++-------
Melee: Long sword        |    78 |    41 ||   119
       Kick              |     9 |    16 ||    25
  Use: Potion            |       |     3 ||     3
  Eat: Royal jelly       |     1 |       ||     1
       Chunk             |       |     1 ||     1
Armor: Leather armour    |    19 |       ||    19
       Ring mail         |     5 |    21 ||    26
Dodge: Dodged            |    49 |    51 ||   100
       Rpst.: Long sword |     8 |     9 ||    17

Table legend:
 A = Spawn XP
 B = Non-spawn XP
 C = Spawn XP percentage of total XP
 D = Spawn monster count
 E = Non-spawn monster count
 F = Spawn count percentage of total count
 G = Total turns spent on level
                    A         B        C        D         E        F      G
               +---------+---------+-------+---------+---------+-------+---------
         Total |       0 |     137 |   0.0 |       0 |      44 |   0.0 |  2211
               +---------+---------+-------+---------+---------+-------+---------
           D:1 |       0 |      40 |   0.0 |       0 |      15 |   0.0 |   664
           D:2 |       0 |      32 |   0.0 |       0 |      15 |   0.0 |  1068
           D:3 |       0 |      65 |   0.0 |       0 |      14 |   0.0 |   479
               +---------+---------+-------+---------+---------+-------+---------
